 Dungeon Crawl Stone Soup version 0.32-a0-172-gc5dd13f2a7 (webtiles) character file.

Game seed: 8347671035336868816

63 dialectric the Shield-Bearer (level 3, -4/29 HPs)
             Began as a Minotaur Fighter on Feb 12, 2024.
             Was a Believer of Hepliaklqana.
             Slain by a lemure (8 damage)
             ... led by Pikel
             ... on level 3 of the Dungeon.
             The game lasted 00:01:44 (1734 turns).

dialectric the Shield-Bearer (Minotaur Fighter)     Turns: 1734, Time: 00:01:44

Health: -4/29      AC:  8    Str: 22    XL:     3   Next: 87%
Magic:  2/2        EV:  9    Int:  5    God:    Hepliaklqana [**....]
Gold:   209        SH:  0    Dex:  9    Spells: 2/2 levels left

rFire   . . .        a - +0 flail
rCold   . . .        (no shield)
rNeg    . . .        b - +0 scale mail
rPois   .            (helmet restricted)
rElec   .            (no cloak)
rCorr   .            (no gloves)
SInv    +            m - +0 pair of boots
Will    .....        (no amulet) Stlth
                     (no ring)
HPRegen 0.24/turn    (no ring)
MPRegen 0.08/turn

%: no passive effects
@: no status effects
A: reduced essence, horns 2, retaliatory headbutt
a: Renounce Religion, Recall Ancestor, Ancestor Identity


You were on level 3 of the Dungeon.
You worshipped Hepliaklqana.
Hepliaklqana was pleased with you.
You visited 1 branch of the dungeon, and saw 4 of its levels.

You collected 209 gold pieces.

Inventory:

Hand Weapons
 a - a +0 flail (weapon)
Armour
 b - a +0 scale mail (worn)
 c - a +0 buckler
 m - a +0 pair of boots (worn)
Talismans
 l - the serpent talisman "Koinak" {rElec Str+6 Int-5}
   (You found it on level 2 of the Dungeon)

   [serpent talisman]

   Str+6:     It affects your strength (+6).
   Int-5:     It affects your intelligence (-5).
   rElec:     It insulates you from electricity.
Scrolls
 e - 2 scrolls of identify {unknown}
 f - a scroll of amnesia {unknown}
 i - a scroll of fear {unknown}
 j - a scroll of revelation
 k - a scroll of acquirement {unknown}
 q - a scroll of torment {unknown}
 s - a scroll of blinking {unknown}
 t - a scroll of enchant armour {unknown}
Potions
 d - a potion of might
 g - a potion of haste {unknown}
 h - 2 potions of heal wounds {unknown}
 n - a potion of cancellation {unknown}
 o - a potion of curing {unknown}
 p - a potion of mutation {unknown}
 r - 2 potions of lignification {unknown}
 u - a potion of resistance {unknown}


   Skills:
 + Level 4.3 Fighting
 + Level 3.2 Maces & Flails
 + Level 4.2 Armour
 + Level 4.3 Shields


You had 2 spell levels left.
You didn't know any spells.
Your spell library contained the following spells:

 Spells                   Type           Power      Damage    Failure   Level
 Apportation              Tloc           0%         N/A       80%         1
 Jinxbite                 Hex            0%         N/A       90%         2
 Tukima's Dance           Hex            0%         N/A       99%         3
 Dimensional Bullseye     Hex/Tloc       0%         N/A       100%        4
 Iskenderun's Mystic Bla  Conj/Tloc      0%         2d3       100%        4
 Vhi's Electric Charge    Tloc/Air       0%         N/A       100%        4
 Alistair's Intoxication  Alch           0%         N/A       100%        5
 Arcjolt                  Conj/Air       0%         1d10      100%        5
 Plasma Beam              Fire/Air       0%         2x1d10    100%        6


Dungeon Overview and Level Annotations

Branches:
Dungeon (4/15)
 Temple: D:4-7

Altars:
Cheibriados
Fedhas
Hepliaklqana
Zin

Shops:
D:1 =

Annotations:
D:3 Pikel


Innate Abilities, Weirdness & Mutations

Your life essence is reduced to manifest your ancestor. (-10% HP)
You have a pair of horns on your head.
You reflexively headbutt those who attack you in melee.


Message History

There are monsters nearby!
You closely miss the lemure.
The lemure is lightly wounded.
Xochitl hits the lemure but does no damage.
Pikel hits you with a +2 whip of freezing.
Pikel freezes you. The lemure hits you but does no damage. The lemure hits you.
Xochitl hits the lemure with a +0 dagger of draining.
There are monsters nearby!
You closely miss the lemure.
The lemure is moderately wounded.
Xochitl barely misses the lemure.
Pikel hits you but does no damage. The lemure closely misses you.
The lemure hits you.
Xochitl casts a spell at the lemure.
The lemure easily resists.
Pikel hits you with a +2 whip of freezing.
Pikel freezes you. The lemure misses you. You furiously retaliate!
You headbutt the lemure! The lemure hits you but does no damage.
There are monsters nearby!
Unknown command.
Unknown command.
Unknown command.
Xochitl gestures at the lemure while chanting.
The lemure seems to slow down.
Pikel hits you with a +2 whip of freezing.
* * * LOW HITPOINT WARNING * * *
Pikel freezes you.
* * * LOW HITPOINT WARNING * * *
The lemure hits you but does no damage.
The lemure hits Xochitl. x2
Xochitl is destroyed!
The lemure shouts!
You climb upwards.
There is a stone staircase leading down here.
Unknown command.
Unknown command.
Unknown command.
As you read the scroll labelled YMUGEA ZANI, it crumbles to dust.
You feel momentarily disoriented.
It was a scroll of revelation.
The lemure hits you!
You die...
Hepliaklqana delivers you to your ancestors.

......(...........#......#
.##..##..................#
.....##..).............<.#
###.###........#.##......#
##.# #........#..#......###
#..###........##..........##
#....#.########............##
#........#####.5.....)......#
#.#......#####K@............#
###......#####.5............#
#......#####..............#
############..............#
#######............##
########..........##
###################
###############


You could see Pikel and 2 lemures.

Vanquished Creatures
  2 adders (D:2)
  4 ball pythons
  3 endoplasms
  3 giant cockroaches
  7 goblins
  2 hobgoblins (D:1)
  A kobold (D:1)
  2 quokkas
  A bat (D:3)
  A frilled lizard (D:3)
  3 rats (D:1)
29 creatures vanquished.

Vanquished Creatures (collateral kills)
  An adder (D:3)
  2 ball pythons
  A hobgoblin (D:2)
  A frilled lizard (D:2)
5 creatures vanquished.

Vanquished Creatures (others)
  A hexer (D:4)
1 creature vanquished.

Grand Total: 35 creatures vanquished

Notes
Turn   | Place    | Note
-------+----------+-------------------------------------------
     0 | D:1      | dialectric the Minotaur Fighter began the quest for the
                  | Orb.
     0 | D:1      | Reached XP level 1. HP: 19/19 MP: 0/0
   146 | D:1      | Reached XP level 2. HP: 27/27 MP: 1/1
   230 | D:1      | Found a faded altar of an unknown god.
   238 | D:1      | Prayed at the altar of an unknown god.
   238 | D:1      | Became a worshipper of Hepliaklqana the Forgotten
   238 | D:1      | Reached * piety under Hepliaklqana
   405 | D:1      | Found Azxyedun's Jewellery Shop.
   805 | D:2      | Identified the serpent talisman "Koinak" {rElec Str+6
                  | Int-5}
   819 | D:2      | Reached XP level 3. HP: 24/29 MP: 2/2
  1047 | D:2      | Reached ** piety under Hepliaklqana
  1050 | D:2      | Remembered your ancestor Xochitl as a hexer
  1281 | D:3      | Found a blossoming altar of Fedhas.
  1362 | D:3      | Found a glowing silver altar of Zin.
  1639 | D:3      | Found a snail-covered altar of Cheibriados.
  1727 | D:4      | Noticed Pikel
  1727 | D:4      | Noticed a lemure
  1727 | D:4      | Noticed a lemure
  1727 | D:4      | Noticed a lemure
  1727 | D:4      | Noticed a lemure
  1734 | D:3      | Slain by a lemure

Illustrated notes

Levels and vault maps discovered:
D:1:      lemuel_arrival_behind_the_door_large, layout_basic,
          dreamdust_ecumenical_altar_angels_and_demons, serial_shops,
          nicolae_shop_rolling_square
D:2:      layout_rooms
D:3:      layout_rooms, lemuel_tele_altar, fedhas_altar_3, lemuel_round_altar
D:4:      layout_gridville, lemuel_zombie_altar_kikubaaqudgha, uniq_robin,
          uniq_pikel

Skill      XL: |  1  2 |
---------------+-------+-----
Fighting       | 4 |  4.3
Shields        | 4 |  4.3
Maces & Flails | 3 |  3.2
Armour         | 4 |  4.2

Action                     || total
---------------------------++-------
  Melee: Flail             ||    46
         Headbutt          ||     4
 Invoke: Ancestor Life: He ||     1
         Ancestor Identity ||     1
    Use: Scroll            ||     1
 Armour: Scale mail        ||    38
  Dodge: Dodged            ||    24

Table legend: (Time is in decaauts)
 A = Elapsed time spent in this place.
 B = Non-inter-level travel time spent in this place.
 C = Inter-level travel time spent in this place.
 D = Time resting spent in this place.
 E = Time spent auto-exploring this place.
 F = Levels seen in this place.
 G = Mean time per level.
                   A        B        C        D        E       F      G
               +--------+--------+--------+--------+--------+-----+--------+
         Total |   1745 |   1664 |     81 |      0 |   1400 |   4 |  436.2 |
       Dungeon |   1745 |   1664 |     81 |      0 |   1400 |   4 |  436.2 |
               +--------+--------+--------+--------+--------+-----+--------+

Top non-repeatable levels by time:
     D:1: 800 daAuts
     D:2: 489 daAuts
     D:3: 449 daAuts
     D:4: 6 daAuts
